AoeStats
← metanoid

Yucatan

510623812Analyzed
4v4 RM · 2d ago on Oct 1, 2026· 79m 35s· 8 players
Game mode
Random Map
Map size
Large (8 player)
Population
200
Speed
Normal
Resources
Standard
Victory
Conquest
Starting age
Dark Age
Ending age
Imperial Age
RankedLock teamsTeams togetherTeam positionsShared explorationLock speedFull tech treeHidden civsTurbo modeCheats
Victory
Defeat
🇬🇧 Huns · United Kingdom
883
+16
🇦🇷 Inca · Argentina
855
+18
🇦🇷 Franks · Argentina
848
+49
🇦🇷 Byzantines · Argentina
829
+19
🇺🇦 Slavs · Ukraine
934
-19
🇭🇰 Cumans · Hong Kong SAR China
896
-18
🇬🇧 Spanish · United Kingdom
888
-18
🇫🇷 Britons · France
844
-16
MS2GUD1068
12:40 Feudal Age
10:59 Loom
12:44 Feudal Age
13:31 Man-at-Arms
13:59 Arson
15:16 Scale Mail Armor
15:26 Forging
18:59 Wheelbarrow
18:09 Horse Collar
19:34 Town Watch
23:14 Castle Age
27:26 Gold Mining
28:57 Bloodlines
28:47 Husbandry
29:12 Husbandry
30:28 Double-Bit Axe
33:01 Scale Barding Armor
33:47 Stone Mining
33:59 Heavy Plow
35:37 Iron Casting
41:19 Imperial Age
39:05 Hand Cart
41:39 Cavalier
43:55 Chain Barding Armor
44:35 Blast Furnace
44:43 Paladin
56:59 Plate Barding Armor
56:15 Fletching
59:19 Guilds
61:19 Conscription
67:06 Hoardings
68:41 Stone Shaft Mining
73:41 Town Patrol
cherripunji
0:26 Loom
11:34 Feudal Age
20:24 Castle Age
19:19 Double-Bit Axe
21:26 Bloodlines
33:37 Forging
34:49 Light Cavalry
35:32 Town Watch
38:10 Fletching
39:43 Bodkin Arrow
39:48 Padded Archer Armor
41:24 Padded Archer Armor
42:44 Leather Archer Armor
44:39 Scale Barding Armor
44:42 Horse Collar
52:26 Imperial Age
53:36 Conscription
53:14 Gold Mining
55:51 Iron Casting
TaniaTequilaFromDushanbe
7:45 Loom
11:01 Feudal Age
12:13 Double-Bit Axe
19:29 Castle Age
17:47 Horse Collar
20:01 Forging
22:46 Scale Mail Armor
22:44 Pikeman
24:28 Squires
25:36 Fletching
27:09 Town Watch
30:20 Heavy Plow
30:51 Bodkin Arrow
32:31 Padded Archer Armor
33:13 Wheelbarrow
40:51 Bow Saw
40:59 Masonry
49:17 Stone Mining
49:18 Gold Mining
50:04 Hand Cart
50:28 Bow Saw
58:33 Gold Shaft Mining
62:28 Imperial Age
62:34 Detinets
63:41 Iron Casting
63:21 Chain Mail Armor
63:00 Halberdier
65:43 Blast Furnace
66:10 Plate Mail Armor
66:05 Conscription
69:43 Druzhina
70:41 Hoardings
70:34 Man-at-Arms
71:14 Long Swordsman
71:35 Capped Ram
72:20 Two-Handed Swordsman
73:15 Champion
Arno l'architecte
metanoid
4:44 Loom
11:06 Feudal Age
10:10 Loom
18:15 Double-Bit Axe
27:21 Castle Age
25:51 Scale Barding Armor
32:32 Bow Saw
32:17 Stone Mining
32:18 Gold Mining
46:29 Gold Shaft Mining
52:22 Imperial Age
61:48 Cavalier
62:57 Chain Barding Armor
69:49 Plate Barding Armor
74:12 Paladin
Juancho Talarga
6:58 Loom
9:50 Feudal Age
10:32 Double-Bit Axe
18:33 Bloodlines
22:35 Castle Age
22:00 Fletching
22:11 Padded Archer Armor
22:19 Scale Barding Armor
22:06 Horse Collar
23:37 Bodkin Arrow
24:03 Chain Barding Armor
23:48 Husbandry
27:25 Chain Barding Armor
29:35 Ballistics
28:43 Light Cavalry
30:38 Thumb Ring
35:13 Bow Saw
42:24 Imperial Age
43:05 Cavalier
43:11 Hussar
44:34 Plate Barding Armor
44:09 Forging
53:44 Heavy Plow
53:48 Cavalier
68:18 Paladin
69:35 Iron Casting
77:47 Wheelbarrow
76:57 Town Watch
80:30 Conscription
TATALONGO II
11:01 Feudal Age
13:20 Loom
13:46 Double-Bit Axe
20:55 Castle Age
19:05 Padded Archer Armor
18:57 Fletching
37:50 Scale Mail Armor
37:31 Pikeman
46:29 Elite Skirmisher
51:35 Imperial Age
51:34 Forging
51:40 Chain Mail Armor
54:26 Halberdier
56:31 Squires
78:09 Plate Mail Armor
JMA
7:28 Loom
11:53 Feudal Age
12:20 Double-Bit Axe
12:27 Gold Mining
17:05 Fletching
23:43 Castle Age
25:57 Bow Saw
29:14 Horse Collar
32:01 Heavy Plow
32:08 Stone Mining
35:38 Imperial Age
33:12 Stone Mining
35:58 Pikeman
42:30 Squires
43:13 Halberdier
43:18 Elite Skirmisher
45:53 Conscription
48:58 Two-Man Saw
51:20 Bodkin Arrow
51:25 Padded Archer Armor
54:49 Crop Rotation
55:41 Chemistry
56:06 Ballistics
56:31 Leather Archer Armor
56:17 Bracer
57:32 Wheelbarrow
57:18 Thumb Ring
59:08 Ring Archer Armor
58:49 Forging
60:45 Hand Cart
62:27 Iron Casting
61:53 Scale Mail Armor
64:54 Chain Mail Armor
64:45 Scale Barding Armor
67:03 Plate Mail Armor
70:08 Bombard Tower
69:45 Murder Holes
69:30 Treadmill Crane
72:53 Murder Holes
75:41 Hoardings
76:26 Greek Fire
Connection lost

Rejoining the realm…

Still unreachable

The connection could not be restored.

Session expired

The server has moved on; the page needs a fresh start.